 Dungeon Crawl Stone Soup version 0.28.0-53-g5a82cb258f (webtiles) character file.

Game seed: 446698303551995664

150 Infinimo the Shield-Bearer (level 5, -7/47 HPs)
             Began as a Minotaur Fighter on May 31, 2022.
             Mangled by Sigmund
             ... wielding a +0 scythe
              (9 damage)
             ... on level 3 of the Dungeon.
             The game lasted 00:02:33 (2411 turns).

Infinimo the Shield-Bearer (Minotaur Fighter)       Turns: 2411, Time: 00:02:34

Health: -7/47      AC: 12    Str: 22    XL:     5   Next: 10%
Magic:  4/4        EV:  6    Int:  5    God:
Gold:   59         SH:  4    Dex: 10    Spells: 4/4 levels left

rFire   . . .      SeeInvis .   a - +0 flail
rCold   . . .      Faith    .   c - +0 buckler
rNeg    . . .      Spirit   .   j - +0 plate armour
rPois   .          Reflect  .   (helmet restricted)
rElec   .          Harm     .   (no cloak)
rCorr   .          Rampage  .   (no gloves)
Will    .....                   (no boots)
Stlth   ..........              (no amulet)
HPRegen 0.15/turn               (no ring)
MPRegen 0.09/turn               (no ring)

@: mighty, weak-willed
A: horns 2, retaliatory headbutt
a: no special abilities


You were on level 3 of the Dungeon.
You visited 1 branch of the dungeon, and saw 3 of its levels.

You collected 59 gold pieces.

Inventory:

Hand Weapons
 a - a +0 flail (weapon)
Armour
 c - a +0 buckler (worn)
 j - a +0 plate armour (worn)
Wands
 f - a wand of iceblast (10)
Scrolls
 b - 2 scrolls of vulnerability
 g - a scroll of identify
Potions
 e - 2 potions of invisibility
 h - a potion of mutation {unknown}
 i - 3 potions of degeneration {unknown}


   Skills:
 + Level 4.5 Fighting
 * Level 4.4 Maces & Flails
 + Level 4.4 Armour
 + Level 4.5 Shields


You had 4 spell levels left.
You didn't know any spells.
Your spell library contained the following spells:

 Spells                   Type           Power      Damage    Failure   Level
 Corpse Rot               Necr/Air       0%         N/A       100%        2
 Poisonous Vapours        Pois/Air       0%         N/A       100%        2
 Ignite Poison            Fire/Tmut/Pois 0%         N/A       100%        3
 Mephitic Cloud           Conj/Pois/Air  0%         N/A       100%        3
 Freezing Cloud           Conj/Ice/Air   0%         6-21      100%        5


Dungeon Overview and Level Annotations

Branches:
Dungeon (3/15)

Altars:

Shops:
D:2 :

Annotations:
D:3 Grinder, Sigmund


Innate Abilities, Weirdness & Mutations

You have a pair of horns on your head.
You reflexively headbutt those who attack you in melee.


Message History

You resist with significant effort.
You hit Sigmund. Your headbutt misses Sigmund.
Sigmund is lightly wounded.
Grinder blinks!
Sigmund hits you with a +0 scythe.
You sock Sigmund!
Sigmund is heavily wounded.
Sigmund looks at you with fury. Sigmund hits you with a +0 scythe.
You barely miss Sigmund.
Sigmund is heavily wounded.
Grinder gestures at you.
You suddenly lose the ability to move!
The kobold hits you but does no damage. Sigmund gestures at you while chanting.
The magic dart hits you but does no damage.
The kobold hits you but does no damage. Sigmund gestures at you while chanting.
The magic dart hits you but does no damage.
Grinder hits you but does no damage. The kobold hits you but does no damage.
Sigmund hits you with a +0 scythe. Grinder gestures at you.
Pain shoots through your body! The kobold hits you but does no damage.
Grinder hits you but does no damage. Sigmund hits you with a +0 scythe.
* * * LOW HITPOINT WARNING * * *
The kobold completely misses you. Grinder hits you but does no damage.
The kobold hits you with a +0 dagger.
* * * LOW HITPOINT WARNING * * *
Sigmund hits you but does no damage. Grinder hits you but does no damage.
The kobold hits you with a +0 dagger.
* * * LOW HITPOINT WARNING * * *
You can move again.
Unknown command.
Unknown command.
Unknown command.
You closely miss Grinder. Your headbutt misses Grinder.
Grinder is severely wounded.
Grinder gestures at you. Pain shoots through your body!
* * * LOW HITPOINT WARNING * * *
Sigmund hits you with a +0 scythe!
You die...

...........# .......
####.......###.......
............o'.......
†..........###.....#
...................##
........#...........#
....................+ .
.................K..##....
................@@<....!..
###.......†....5..........
##.......................
.......#.........#........
.................#........
.....#....................
.....#....................
.....#.#................##
....


You could see Grinder (weak-willed), Sigmund (weak-willed) and a kobold.

Vanquished Creatures
  Jessica (D:3)
  An iguana (D:2)
  4 adders (D:3)
  A worm (D:2)
  2 dart slugs
  6 orcs (D:3)
  4 bats
  An endoplasm (D:2)
  2 giant cockroaches
  2 goblins
  2 hobgoblins
  6 quokkas
  7 ball pythons
  3 frilled lizards (D:1)
  2 kobolds
  7 rats
51 creatures vanquished.

Vanquished Creatures (others)
  2 plants (D:2)
2 creatures vanquished.

Grand Total: 53 creatures vanquished

Notes
Turn   | Place    | Note
-------+----------+-------------------------------------------
     0 | D:1      | Infinimo the Minotaur Fighter began the quest for the Orb.
     0 | D:1      | Reached XP level 1. HP: 19/19 MP: 0/0
   113 | D:1      | Reached XP level 2. HP: 27/27 MP: 1/1
   265 | D:1      | You fall into a shaft and drop 1 floor!
  1243 | D:2      | Reached XP level 3. HP: 22/33 MP: 2/2
  1369 | D:2      | Found Rougy's Book Boutique.
  1859 | D:3      | Noticed Jessica
  1876 | D:3      | Killed Jessica
  1877 | D:3      | Reached XP level 4. HP: 35/40 MP: 3/3
  2311 | D:3      | Reached XP level 5. HP: 42/47 MP: 4/4
  2347 | D:3      | Noticed Grinder
  2393 | D:3      | Paralysed by Grinder for 6 turns
  2393 | D:3      | Noticed Sigmund
  2404 | D:3      | Paralysed by Grinder for 7 turns
  2411 | D:3      | HP: 2/47 [Grinder/nerve-wracking pain (9)]
  2411 | D:3      | Mangled by Sigmund

Illustrated notes

Levels and vault maps discovered:
D:1:      mrwooster_arrival_statue, layout_basic
D:2:      minmay_chambers_of_ones, layout_basic, serial_shops, shop,
          serial_bayou_ford_a
D:3:      layout_basic, uniq_natasha, uniq_sigmund, uniq_jessica, uniq_grinder

Skill      XL: |  1  2  3 |
---------------+----------+-----
Maces & Flails | 3 4 |  4.4
Fighting       | 4 |  4.5
Armour         | 4 |  4.4
Shields        | 4 |  4.5

Action                   |  1- 3 |  4- 6 || total
-------------------------+-------+-------++-------
Melee: Flail             |    76 |    45 ||   121
       Headbutt          |     7 |     6 ||    13
  Use: Scroll            |     2 |     1 ||     3
       Potion            |       |     1 ||     1
Armor: Scale mail        |    19 |       ||    19
       Plate armour      |    24 |    56 ||    80
Dodge: Dodged            |    25 |    26 ||    51
Block: Buckler           |    17 |    11 ||    28
